 Dungeon Crawl Stone Soup version 0.30-a0-576-g89cddaab80 (webtiles) character file.

Game seed: 15384663699575856329

4956 SkeletonJelly the Slicer (level 10, -5/67 HPs)
             Began as a Demonspawn Reaver on Dec 30, 2022.
             Was a Believer of Yredelemnul.
             Killed from afar by an electric eel (8 damage)
             ... with a bolt of electricity
             ... on level 8 of the Dungeon.
             The game lasted 00:21:18 (9446 turns).

SkeletonJelly the Slicer (Demonspawn Reaver)        Turns: 9446, Time: 00:21:18

Health: -5/67      AC:  6    Str: 13    XL:     10   Next: 28%
Magic:  14/14      EV: 11    Int: 20    God:    Yredelemnul [**....]
Gold:   273        SH:  0    Dex: 14    Spells: 7/13 levels left

rFire   . . .      SeeInvis .    p - +1 dagger (elec)
rCold   + + .      Faith    +    (no shield)
rNeg    + . .      Spirit   .    y - +0 leather armour of Kunerita {Fly rN+}
rPois   .          Reflect  .    (helmet restricted)
rElec   .          Harm     .    W - +0 cloak of the Ladybird {rC+ Int+4}
rCorr   .          Rampage  .    F - +0 pair of gloves
Will    +....                    s - +0 pair of boots
Stlth   ++                       c - amulet of faith
HPRegen 0.31/turn                t - ring of protection from cold
MPRegen 0.14/turn                G - ring of willpower

@: flying
A: claws 2, horns 2, spiny 1, weakness stinger 2
a: Renounce Religion, Recall Undead Harvest, Dark Bargain


You were on level 8 of the Dungeon.
You worshipped Yredelemnul.
Yredelemnul was noncommittal.
You visited 1 branch of the dungeon, and saw 8 of its levels.

You collected 273 gold pieces.

Inventory:

Hand Weapons
 a - a +0 falchion
 p - a +1 dagger of electrocution (weapon)
 B - a +2 dagger of protection
 D - a +2 whip of electrocution
 P - a +5 dagger of freezing
Armour
 b - a +0 leather armour
 l - a +0 plate armour
 s - a +0 pair of boots (worn)
 y - the +0 leather armour of Kunerita (worn) {Fly rN+}
   (You found it on level 5 of the Dungeon)

   rN:        It protects you from negative energy.
   Fly:       It grants you flight.
 E - the +1 robe "Aticoett" {rPois Str+7}
   (You took it off an orc wizard on level 5 of the Dungeon)

   Str:       It affects your strength (+7).
   rPois:     It protects you from poison.
 F - a +0 pair of gloves (worn)
 I - a +0 cloak
 J - a +2 leather armour of willpower
 N - a +0 buckler
 O - a +1 ring mail of poison resistance
 W - the +0 cloak of the Ladybird (worn) {rC+ Int+4}
   (You found it on level 8 of the Dungeon)

   Int:       It affects your intelligence (+4).
   rC:        It protects you from cold.
Jewellery
 c - an amulet of faith (around neck)
 t - a ring of protection from cold (left hand)
 u - a ring of ice
 G - a ring of willpower (right hand)
 L - an amulet of magic regeneration
 Q - a ring of protection from cold
Wands
 i - a wand of mindburst (4)
 A - a wand of acid (10)
 S - a wand of roots (1)
Scrolls
 g - a scroll of fog {unknown}
 h - 7 scrolls of identify {unknown}
 j - a scroll of enchant armour {unknown}
 n - 2 scrolls of vulnerability {unknown}
 o - 2 scrolls of amnesia {unknown}
 r - a scroll of poison {unknown}
 v - 2 scrolls of teleportation {unknown}
 w - a scroll of immolation {unknown}
 x - 2 scrolls of blinking {unknown}
 C - 3 scrolls of magic mapping {unknown}
 M - a scroll of torment {unknown}
 U - a scroll of brand weapon {unknown}
 V - a scroll of fear {unknown}
Potions
 d - a potion of flight {unknown}
 e - 3 potions of heal wounds {unknown}
 f - 4 potions of curing {unknown}
 k - 2 potions of invisibility {unknown}
 m - 2 potions of magic {unknown}
 q - a potion of degeneration {unknown}
 z - a potion of cancellation {unknown}
 H - a potion of attraction {unknown}
 K - a potion of might {unknown}
 R - a potion of brilliance {unknown}
 T - a potion of lignification {unknown}


   Skills:
 - Level 2.0 Fighting
 + Level 9.3(9.7) Short Blades
 - Level 4.0(7.2) Long Blades
 - Level 1.7 Dodging
 * Level 1.8 Stealth
 - Level 2.0 Spellcasting
 - Level 8.0 Conjurations
 - Level 6.0 Necromancy
 - Level 6.5 Invocations


You had 7 spell levels left.
You knew the following spells:

 Your Spells              Type           Power      Damage    Failure   Level
a - Kiss of Death         Conj/Necr      100%       2d13      1%          1
h - Hailstorm             Conj/Ice       18%        3d6       12%         3
s - Momentum Strike       Conj/Tloc      36%        3d9       6%          2

Your spell library contained the following spells:

 Spells                   Type           Power      Damage    Failure   Level
 Magic Dart               Conj           100%       1d8       1%          1
 Vampiric Draining        Necr           26%        2d7       4%          3
 Freeze                   Ice            8%         1d3       21%         1
 Slow                     Hex            8%         N/A       21%         1
 Mephitic Cloud           Conj/Pois/Air  12%        N/A       21%         3
 Call Imp                 Summ           2%         N/A       30%         2
 Ensorcelled Hibernation  Hex/Ice        4%         N/A       30%         2
 Passwall                 Tmut/Erth      1%         N/A       30%         2
 Confusing Touch          Hex            2%         N/A       52%         3
 Frozen Ramparts          Ice            4%         1d1       52%         3
 Swiftness                Air            2%         N/A       52%         3


Dungeon Overview and Level Annotations

Branches:
Dungeon (8/15)             Temple (0/1) D:7
   Lair: D:8-11

Altars:
Kikubaaqudgha
Yredelemnul


Innate Abilities, Weirdness & Mutations

You have very sharp fingernails.
You have a pair of horns on your head.
You are partially covered in sharp spines.
You have a tail ending in a sharp stinger.


Message History

You are too injured to fight recklessly!
You are too injured to fight recklessly!
You closely miss the electric eel.
Your tail-slap misses the electric eel.
The electric eel is heavily wounded.
Your killer bee zombie misses the electric eel.
You miss the electric eel. You headbutt the electric eel.
You tail-slap the electric eel.
The electric eel is almost dead.
Your killer bee zombie closely misses the electric eel.
You hit the electric eel.
You kill the electric eel!
A black mist starts to gather...
An electric eel comes into view.
You regained 13 hp, and now have 29/67 hp.
Aiming: Mindburst
Press: ? - help, Shift-Dir - straight line, f - electric eel
Aim: an electric eel (water, not watching you, ally target, chance to affect: 72%)
The electric eel struggles to resist.
The electric eel shoots out a bolt of lightning at you!
The bolt of electricity hits your killer bee zombie!
Your killer bee zombie is destroyed!
The bolt of electricity hits you.
The bolt of electricity hits your gnoll sergeant zombie!
You can no longer bind living souls.
You take 6 damage, and have 24/67 hp.
A killer bee comes into view.
Your killer bee zombie barely misses the electric eel.
Your killer bee zombie misses the electric eel.
You swap places.
Your killer bee zombie closely misses the electric eel.
The electric eel shoots out a bolt of lightning at you!
The bolt of electricity hits your spectral electric eel!
The bolt of electricity hits your centaur zombie!
The bolt of electricity hits your hound zombie.
Your hound zombie is destroyed!
The bolt of electricity hits your gnoll sergeant zombie!
The bolt of electricity hits your ice beast zombie!
Your ice beast zombie is destroyed!
The bolt of electricity hits you!
* * * LOW HITPOINT WARNING * * *
Your killer bee zombie completely misses the electric eel.
You can no longer drain ambient life force.
You take 11 damage, and have 14/67 hp.
The killer bee closely misses your howler monkey zombie.
The killer bee stings your howler monkey zombie.
Your howler monkey zombie is destroyed!
You swap places.
The killer bee barely misses your gnoll sergeant zombie.
The killer bee stings your gnoll sergeant zombie!
The killer bee stings your gnoll sergeant zombie!
Your gnoll sergeant zombie is destroyed!
The killer bee completely misses your killer bee zombie.
You swap places.
The killer bee stings something. x2
You swap places.
The killer bee stings your centaur zombie.
Your centaur zombie barely misses the killer bee.
Your centaur zombie kicks the killer bee but does no damage.
The killer bee stings your centaur zombie!
Your centaur zombie completely misses the killer bee.
Your centaur zombie misses the killer bee.
You swap places.
The killer bee stings your centaur zombie. x2
Your centaur zombie misses the killer bee. x2
You swap places.
The killer bee barely misses your centaur zombie.
The electric eel shoots out a bolt of lightning at you!
The bolt of electricity hits your centaur zombie!
Your centaur zombie is destroyed!
The bolt of electricity hits your gnoll zombie.
The bolt of electricity hits you!
* * * LOW HITPOINT WARNING * * *
The bolt of electricity hits you.
* * * LOW HITPOINT WARNING * * *
Your gnoll zombie barely misses the killer bee.
You take 15 damage, and have 1/67 hp.
MASSIVE DAMAGE!!
You swap places.
The killer bee stings your gnoll zombie.
Your howler monkey zombie misses the killer bee.
The killer bee stings your gnoll zombie!
Your gnoll zombie is destroyed!
You can no longer trade souls for undead servants.
You can now trade souls for undead servants.
The killer bee stings your howler monkey zombie!
Your wolf zombie misses the killer bee.
Your howler monkey zombie hits the killer bee.
The killer bee stings your howler monkey zombie.
Your wolf zombie bites the killer bee.
The killer bee stings your howler monkey zombie!
Your howler monkey zombie is destroyed!
The killer bee completely misses your killer bee zombie.
Your wolf zombie barely misses the electric eel.
Your killer bee zombie barely misses the killer bee.
The electric eel shoots out a bolt of lightning at you!
The bolt of electricity hits your wolf zombie!
The bolt of electricity hits the killer bee!
The killer bee dies!
The bolt of electricity hits your killer bee zombie!
The bolt of electricity hits you!
You die...
Your body rises from the dead as a mindless zombie.

#######.##.........# ~~≈≈≈≈.
.##.).)......##...###~≈≈≈≈~.
....)........##......~≈≈≈≈~.
......##.##...#..##..~≈≈≈~~.
.##..###..##..#.###ZZS≈≈≈≈.~
≈ ....## ##.##....
#..#~~ZZ≈≈~ ~ #..##
#.###..###ZZ#...~≈≈≈ ~ #..#
#..##..##..##.~.~Z≈≈ ...##
##.###..@.......~.~~
..Z.######......###.....~...
..............### ##.......
..######..###...#####.......
#.# ##..##Z....... ..##
.#...# ..##
##.Z...########.## ....#
...## #.Z###..# #.# #....
###.####.## ##.# ##.# #....
####..#Z## #.## ##..## #....


You could see an electric eel (ally target), a friendly wolf zombie, 2 friendly
killer bee zombies and a friendly howler monkey zombie.

Vanquished Creatures
  Pikel (D:5)
  A troll (D:8)
  A wyvern (D:7)
  Edmund (D:5)
  An acid dragon (D:7)
  A water moccasin (D:7)
  An orc warrior (D:6)
  2 sky beasts
  2 ice beasts
  3 black bears
  A centaur (D:7)
  An ogre (D:6)
  A phantom (D:6)
  2 bullfrogs (D:7)
  3 necrophages
  8 wights
  10 killer bees (D:8)
  4 howler monkeys (D:8)
  An electric eel (D:8)
  4 hounds
  2 jellies
  4 orc priests
  6 iguanas
  9 orc wizards
  Robin (D:4)
  4 adders
  4 gnolls
  A shadow imp (D:7)
  2 white imps
  2 dart slugs
  29 orcs
  6 endoplasms
  5 giant cockroaches
  15 goblins
  10 hobgoblins
  2 jackals (D:1)
  5 quokkas
  9 ball pythons
  7 bats
  A frilled lizard (D:1)
  8 kobolds
  4 rats
185 creatures vanquished.

Vanquished Creatures (collateral kills)
  A black bear (D:6)
  A centaur (D:8)
  A wolf (D:8)
  Blork the orc (D:4)
  A gnoll sergeant (D:8)
  A wight (D:8)
  A hound (D:8)
  A jelly (D:7)
  An orc wizard (D:6)
  2 gnolls (D:8)
  2 adders
  A dart slug (D:3)
  2 orcs
  A ball python (D:1)
  A goblin (D:1)
  A jackal (D:1)
  A frilled lizard (D:1)
20 creatures vanquished.

Vanquished Creatures (others)
  A killer bee (D:8)
  2 bullfrog zombies (D:7)
  2 centaur zombies
  4 killer bee zombies (D:8)
  An ice beast zombie (D:8)
  A sky beast zombie (D:7)
  2 hound zombies
  2 howler monkey zombies (D:8)
  A human zombie (D:5)
  2 adder zombies (D:5)
  2 iguana zombies (D:5)
  A spectral shadow imp (D:7)
  2 spectral white imps
  2 bat zombies
  2 ball python zombies (D:1)
  A dart slug zombie (D:5)
  5 gnoll zombies
  A hobgoblin zombie (D:2)
  23 orc zombies
  A rat zombie (D:1)
58 creatures vanquished.

Grand Total: 263 creatures vanquished

Notes
Turn   | Place    | Note
-------+----------+-------------------------------------------
     0 | D:1      | SkeletonJelly the Demonspawn Reaver began the quest for the
                  | Orb.
     0 | D:1      | Reached XP level 1. HP: 16/16 MP: 3/3
   130 | D:1      | Found a faded altar of an unknown god.
   179 | D:1      | Prayed at the altar of an unknown god.
   179 | D:1      | Became a worshipper of Yredelemnul the Dark
   179 | D:1      | Reached * piety under Yredelemnul
   245 | D:1      | Gained mutation: You are partially covered in sharp spines.
                  | [demonic ancestry]
   245 | D:1      | Reached XP level 2. HP: 4/19 MP: 5/5
   353 | D:1      | Reached skill level 1 in Invocations
   432 | D:1      | Reached ** piety under Yredelemnul
   637 | D:1      | Discovered your monstrous ancestry.
   637 | D:1      | Gained mutation: You have a small tail. [demonic ancestry]
   637 | D:1      | Reached XP level 3. HP: 27/27 MP: 6/6
   695 | D:1      | Learned a level 2 spell: Momentum Strike
  1763 | D:3      | Gained mutation: You have a pair of small horns on your
                  | head. [demonic ancestry]
  1763 | D:3      | Reached XP level 4. HP: 33/33 MP: 7/7
  1931 | D:3      | Gained mutation: You have a tail ending in a sharp stinger.
                  | [demonic ancestry]
  1931 | D:3      | Reached XP level 5. HP: 21/33 MP: 4/8
  2819 | D:4      | Reached skill level 1 in Short Blades
  2819 | D:4      | Gained mutation: You have sharp fingernails. [demonic
                  | ancestry]
  2819 | D:4      | Reached XP level 6. HP: 33/44 MP: 9/9
  2910 | D:4      | Found an ancient bone altar of Kikubaaqudgha.
  3011 | D:4      | Noticed Robin
  3017 | D:4      | Killed Robin
  3255 | D:4      | Reached *** piety under Yredelemnul
  3358 | D:4      | Noticed Blork the orc
  3365 | D:4      | Killed Blork the orc
  3366 | D:4      | Reached skill level 2 in Short Blades
  3628 | D:5      | Entered Level 5 of the Dungeon
  3641 | D:5      | Reached skill level 5 in Conjurations
  3711 | D:5      | Identified the +0 leather armour of Kunerita {Fly rN+}
  3838 | D:5      | Noticed Edmund
  3848 | D:5      | Killed Edmund
  3849 | D:5      | Reached skill level 3 in Short Blades
  3849 | D:5      | Reached skill level 5 in Invocations
  3849 | D:5      | Gained mutation: You have very sharp fingernails. [demonic
                  | ancestry]
  3849 | D:5      | Reached XP level 7. HP: 21/48 MP: 4/10
  4367 | D:5      | Noticed Pikel
  4385 | D:5      | Your ally Edmund died
  4403 | D:5      | Killed Pikel
  4404 | D:5      | Reached skill level 4 in Short Blades
  4404 | D:5      | Gained mutation: You have a pair of horns on your head.
                  | [demonic ancestry]
  4404 | D:5      | Reached XP level 8. HP: 18/56 MP: 12/12
  4696 | D:5      | Identified the +1 robe "Aticoett" {rPois Str+7}
  4870 | D:5      | Reached skill level 5 in Short Blades
  4984 | D:5      | Learned a level 3 spell: Hailstorm
  5257 | D:6      | Noticed a gargoyle
  5546 | D:6      | Reached skill level 6 in Short Blades
  5782 | D:6      | Reached skill level 1 in Necromancy
  6121 | D:6      | Reached **** piety under Yredelemnul
  6275 | D:6      | Reached XP level 9. HP: 14/61 MP: 13/13
  6776 | D:7      | Found a staircase to the Ecumenical Temple.
  6923 | D:7      | Reached skill level 7 in Short Blades
  7779 | D:7      | Reached skill level 5 in Necromancy
  8157 | D:7      | Reached skill level 8 in Short Blades
  8205 | D:7      | Upgraded the game from 0.30-a0-571-gdf30a72648 to
                  | 0.30-a0-576-g89cddaab80
  8382 | D:8      | Noticed a troll
  8390 | D:8      | Killed a troll
  8655 | D:8      | Reached XP level 10. HP: 48/67 MP: 14/14
  9097 | D:8      | Reached skill level 9 in Short Blades
  9126 | D:8      | Identified the +0 cloak of the Ladybird {rC+ Int+4}
  9350 | D:8      | Reached skill level 1 in Stealth
  9361 | D:8      | Reached ***** piety under Yredelemnul
  9442 | D:8      | HP: 1/67 [electric eel/bolt of electricity (5)]
  9446 | D:8      | Killed from afar by an electric eel

Illustrated notes

Levels and vault maps discovered:
D:1:      dpeg_arrival_round_a, layout_loops_ring, basic_ecumenical_altar
D:2:      layout_basic, nicolae_figureground_sparkle
D:3:      layout_loops_cross
D:4:      layout_loops_corners, lemuel_tele_altar, uniq_robin,
          uniq_blork_the_orc
D:5:      layout_basic, uniq_edmund, uniq_pikel
D:6:      layout_cave_pods, lightli_corner_chamber
D:7:      layout_loops_ring, temple_doors_ab, chequers_mini_garden,
          hangedman_abyss_or_decor_jellyfish_corner, grunt_ministairs_7
D:8:      layout_layer_cave, erik_lair_island, grunt_ministairs_2, minivault_14,
          eino_jars

Skill      XL: |  1  2  3  4  5  6  7  8  9 10 |
---------------+-------------------------------+-----
Long Blades    | 3 4 |  4.0
Invocations    | 1 2 3 4 5 6 |  6.5
Conjurations   | 4 5 6 7 8 |  8.0
Short Blades   | 1 3 4 6 8 9 |  9.3
Necromancy     | 2 6 |  6.0
Stealth        | 1 |  1.8
Fighting       | |  2.0
Dodging        | |  1.7
Spellcasting   | |  2.0

Action                   |  1- 3 |  4- 6 |  7- 9 | 10-12 || total
-------------------------+-------+-------+-------+-------++-------
Melee: Falchion          |    91 |    40 |       |       ||   131
       Tailslap          |     3 |    10 |    38 |     7 ||    58
       Headbutt          |       |    20 |    55 |    14 ||    89
       Dagger            |       |    47 |   268 |    68 ||   383
       Punch             |       |     1 |     3 |     2 ||     6
 Cast: Kiss of Death     |     1 |     3 |     2 |       ||     6
       Momentum Strike   |     1 |     2 |     1 |       ||     4
Invok: Recall Undead Har |       |     1 |       |       ||     1
Evoke: Wand              |       |     8 |     5 |     1 ||    14
 Stab: Sleeping          |     1 |     1 |     1 |       ||     3
       Distracted        |       |       |     2 |     1 ||     3
Armor: Leather armour    |    25 |    15 |    56 |    16 ||   112
Dodge: Dodged            |    51 |    44 |    91 |    19 ||   205

Table legend: (Time is in decaauts)
 A = Elapsed time spent in this place.
 B = Non-inter-level travel time spent in this place.
 C = Inter-level travel time spent in this place.
 D = Time resting spent in this place.
 E = Time spent auto-exploring this place.
 F = Levels seen in this place.
 G = Mean time per level.
                   A        B        C        D        E       F      G
               +--------+--------+--------+--------+--------+-----+--------+
         Total |   9332 |   8787 |    545 |      0 |   7500 |   8 | 1166.5 |
       Dungeon |   9332 |   8787 |    545 |      0 |   7500 |   8 | 1166.5 |
               +--------+--------+--------+--------+--------+-----+--------+

Top non-repeatable levels by time:
     D:6: 1748 daAuts
     D:7: 1552 daAuts
     D:5: 1367 daAuts
     D:4: 1208 daAuts
     D:8: 1026 daAuts
     D:1: 941 daAuts
     D:2: 771 daAuts
     D:3: 717 daAuts
